3222 views
Uploaded 2020-07-15 00:35:57
Game version 1.32.6 / 1.32.7
18:34 long 4on4 ladder game on (8)GoldRush
Saved by Immortalsoul
3222 views
Uploaded 2020-07-15 00:35:57
Game version 1.32.6 / 1.32.7
18:34 long 4on4 ladder game on (8)GoldRush


151 units @ 18.5k
/ 1.6k
89 buildings @ 10.9k
/ 4.7k
⇛
Delfigalo
(18:58) : 

| Scroll of Town Portal | 1 | 350 |
| total: | 1 | 350g |
| Peasant | 12 | 900 | / | 0 |
| Footman | 18 | 2430 | / | 0 |
| Rifleman | 1 | 205 | / | 30 |
| Priest | 4 | 540 | / | 40 |
| Mortar Team | 1 | 180 | / | 70 |
| total: | 36 | 4255g | / | 140w |
| Scout Tower | 4 | 120 | / | 80 |
| Arcane Tower | 1 | 70 | / | 50 |
| Guard Tower | 2 | 140 | / | 100 |
| Farm | 10 | 800 | / | 200 |
| Altar of Kings | 1 | 180 | / | 50 |
| Barracks | 3 | 480 | / | 180 |
| Lumber Mill | 1 | 120 | / | 0 |
| Town Hall | 3 | 1155 | / | 615 |
| Arcane Vault | 1 | 130 | / | 30 |
| Blacksmith | 1 | 140 | / | 60 |
| Arcane Sanctum | 2 | 300 | / | 280 |
| Workshop | 2 | 280 | / | 280 |
| Keep | 1 | 320 | / | 210 |
| total: | 28 | 3705g | / | 1775w |
| 0:01 | Peasant |
| 0:01 | Peasant |
| 0:02 | Peasant |
| 0:08 | Farm |
| 0:09 | Altar of Kings |
| 0:28 | Farm |
| 0:32 | Barracks |
| 0:41 | Peasant |
| 1:03 | Peasant |
| 1:03 | Peasant |
| 1:38 | Footman |
| 1:47 | Farm |
| 1:48 | Footman |
| 2:20 | Footman |
| 2:29 | Summon Water Elemental |
| 2:31 | Scout Tower |
| 2:32 | Peasant |
| 2:33 | Peasant |
| 2:34 | Peasant |
| 2:40 | Lumber Mill |
| 3:02 | Arcane Tower |
| 3:03 | Footman |
| 3:45 | Town Hall |
| 3:47 | Scout Tower |
| 3:57 | Brilliance Aura |
| 4:00 | Footman |
| 4:02 | Peasant |
| 4:05 | Scout Tower |
| 5:37 | Footman |
| 5:40 | Guard Tower |
| 5:58 | Defend |
| 6:21 | Footman |
| 7:07 | Peasant |
| 7:07 | Peasant |
| 7:09 | Footman |
| 7:09 | Footman |
| 7:11 | Scout Tower |
| 7:15 | Town Hall |
| 7:35 | Footman |
| 7:37 | Keep |
| 8:14 | Guard Tower |
| 8:48 | Footman |
| 8:49 | Footman |
| 8:57 | Farm |
| 9:02 | Farm |
| 9:03 | Farm |
| 9:04 | Farm |
| 9:09 | Arcane Vault |
| 9:44 | Barracks |
| 9:45 | Barracks |
| 10:02 | Blacksmith |
| 11:37 | Arcane Sanctum |
| 11:39 | Arcane Sanctum |
| 11:45 | Iron Plating |
| 11:47 | Summon Water Elemental |
| 12:06 | Rifleman |
| 12:11 | Footman |
| 12:11 | Footman |
| 12:40 | Storm Bolt |
| 13:11 | Footman |
| 13:12 | Footman |
| 13:13 | Iron Forged Swords |
| 13:24 | Priest |
| 13:25 | Priest Adept Training |
| 13:45 | Scroll of Town Portal |
| 14:24 | Town Hall |
| 14:49 | Farm |
| 14:54 | Farm |
| 15:25 | Footman |
| 15:27 | Priest |
| 15:35 | Workshop |
| 15:40 | Workshop |
| 16:30 | Priest |
| 16:40 | Steel Plating |
| 16:50 | Mortar Team |
| 16:53 | Footman |
| 17:24 | Farm |
| 17:30 | Priest |
| Right click | 1448 |
| Select | 415 |
| Select group | 306 |
| Build/train/purchase | 127 |
| Misc. action | 99 |
| Assign group | 42 |
| Chat | 25 |
| Use ability | 17 |
| Resource trade | 9 |
| Remove unit | 3 |
| Minimap ping | 1 |
KefkaTiMe
(19:08) : 
| Scroll of Regeneration | 2 | 200 |
| Lesser Clarity Potion | 2 | 140 |
| total: | 4 | 340g |
| Peasant | 18 | 1350 | / | 0 |
| Footman | 3 | 405 | / | 0 |
| Rifleman | 14 | 2870 | / | 420 |
| total: | 35 | 4625g | / | 420w |
| Scout Tower | 8 | 240 | / | 160 |
| Arcane Tower | 1 | 70 | / | 50 |
| Guard Tower | 4 | 280 | / | 200 |
| Farm | 4 | 320 | / | 80 |
| Altar of Kings | 2 | 360 | / | 100 |
| Barracks | 2 | 320 | / | 120 |
| Blacksmith | 1 | 140 | / | 60 |
| Arcane Vault | 1 | 130 | / | 30 |
| Lumber Mill | 1 | 120 | / | 0 |
| total: | 19 | 1630g | / | 550w |
| 0:02 | Peasant |
| 0:06 | Farm |
| 0:08 | Altar of Kings |
| 0:09 | Peasant |
| 0:18 | Farm |
| 0:22 | Barracks |
| 0:33 | Peasant |
| 0:46 | Peasant |
| 0:55 | Peasant |
| 1:16 | Peasant |
| 1:25 | Footman |
| 1:29 | Farm |
| 1:38 | Peasant |
| 1:45 | Footman |
| 1:51 | Scout Tower |
| 1:56 | Peasant |
| 2:07 | Footman |
| 2:09 | Summon Water Elemental |
| 2:21 | Peasant |
| 2:24 | Arcane Tower |
| 2:44 | Blacksmith |
| 3:08 | Farm |
| 3:09 | Peasant |
| 3:36 | Arcane Vault |
| 3:40 | Lumber Mill |
| 3:52 | Scout Tower |
| 4:26 | Guard Tower |
| 5:35 | Rifleman |
| 6:01 | Scout Tower |
| 6:02 | Scroll of Regeneration |
| 6:03 | Lesser Clarity Potion |
| 6:10 | Rifleman |
| 6:55 | Guard Tower |
| 7:09 | Rifleman |
| 7:29 | Scout Tower |
| 7:43 | Rifleman |
| 7:59 | Rifleman |
| 8:12 | Rifleman |
| 8:22 | Peasant |
| 8:25 | Scout Tower |
| 9:21 | Rifleman |
| 9:53 | Rifleman |
| 9:59 | Altar of Kings |
| 10:07 | Peasant |
| 10:07 | Peasant |
| 10:10 | Scout Tower |
| 10:16 | Rifleman |
| 10:41 | Guard Tower |
| 10:45 | Peasant |
| 10:46 | Peasant |
| 11:17 | Rifleman |
| 11:22 | Peasant |
| 11:46 | Rifleman |
| 12:00 | Rifleman |
| 12:13 | Brilliance Aura |
| 12:21 | Rifleman |
| 12:42 | Black Gunpowder |
| 14:19 | Barracks |
| 14:39 | Peasant |
| 14:56 | Scout Tower |
| 15:19 | Scout Tower |
| 15:20 | Improved Masonry |
| 15:26 | Peasant |
| 15:27 | Guard Tower |
| 15:34 | Scroll of Regeneration |
| 15:34 | Lesser Clarity Potion |
| 15:44 | Rifleman |
| Right click | 785 |
| Select group | 532 |
| Select | 316 |
| Misc. action | 253 |
| Build/train/purchase | 94 |
| Assign group | 27 |
| Resource trade | 10 |
| Chat | 7 |
| Minimap ping | 4 |
| Use ability | 3 |



| Healing Salve | 3 | 300 |
| Lesser Clarity Potion | 3 | 210 |
| Scroll of Speed | 1 | 50 |
| Scroll of Healing | 1 | 250 |
| Scroll of Town Portal | 2 | 700 |
| Potion of Lesser Invulnerability | 1 | 150 |
| Scroll of Regeneration | 1 | 100 |
| total: | 12 | 1760g |
| Peon | 11 | 825 | / | 0 |
| Troll Headhunter | 9 | 1260 | / | 180 |
| Kodo Beast | 1 | 255 | / | 60 |
| Troll Witch Doctor | 4 | 580 | / | 100 |
| Wind Rider | 2 | 530 | / | 80 |
| Troll Berserker | 6 | 840 | / | 120 |
| total: | 33 | 4290g | / | 540w |
| Watch Tower | 1 | 110 | / | 80 |
| War Mill | 1 | 205 | / | 0 |
| Orc Burrow | 6 | 960 | / | 240 |
| Barracks | 2 | 360 | / | 100 |
| Altar of Storms | 1 | 180 | / | 50 |
| Voodoo Lounge | 1 | 130 | / | 30 |
| Beastiary | 1 | 145 | / | 140 |
| Spirit Lodge | 1 | 150 | / | 150 |
| Stronghold | 2 | 630 | / | 380 |
| Fortress | 1 | 325 | / | 190 |
| total: | 14 | 2240g | / | 790w |
| 0:02 | Peon |
| 0:02 | Peon |
| 0:07 | War Mill |
| 0:19 | Orc Burrow |
| 0:22 | Peon |
| 0:37 | Barracks |
| 0:47 | Peon |
| 0:56 | Peon |
| 1:07 | Altar of Storms |
| 1:13 | Peon |
| 1:34 | Peon |
| 1:40 | Orc Burrow |
| 1:47 | Troll Headhunter |
| 2:08 | Troll Headhunter |
| 2:10 | Peon |
| 2:13 | Voodoo Lounge |
| 2:25 | Troll Headhunter |
| 2:33 | Peon |
| 2:50 | Black Arrow |
| 2:51 | Troll Headhunter |
| 3:05 | Peon |
| 3:15 | Troll Headhunter |
| 3:37 | Stronghold |
| 3:50 | Troll Headhunter |
| 3:58 | Orc Burrow |
| 4:07 | Silence |
| 4:13 | Troll Headhunter |
| 5:36 | Troll Headhunter |
| 5:50 | Healing Salve |
| 5:50 | Healing Salve |
| 5:50 | Healing Salve |
| 6:23 | Steel Ranged Weapons |
| 6:34 | Troll Headhunter |
| 6:44 | Watch Tower |
| 6:57 | Black Arrow |
| 7:02 | Beastiary |
| 7:30 | Fortress |
| 7:46 | War Stomp |
| 8:12 | Orc Burrow |
| 8:16 | Spirit Lodge |
| 8:41 | Thorium Ranged Weapons |
| 8:47 | Scroll of Healing |
| 8:47 | Potion of Lesser Invulnerability |
| 8:53 | Orc Burrow |
| 9:08 | Kodo Beast |
| 10:02 | Witch Doctor Adept Training |
| 10:02 | Troll Witch Doctor |
| 10:06 | Lesser Clarity Potion |
| 11:17 | Scroll of Speed |
| 11:17 | Lesser Clarity Potion |
| 11:23 | Berserker Upgrade |
| 11:25 | Witch Doctor Master Training |
| 11:27 | Hex |
| 11:32 | Peon |
| 11:41 | Barracks |
| 11:46 | War Drums Damage Increase |
| 12:22 | Wind Rider |
| 12:24 | Troll Witch Doctor |
| 12:38 | Troll Witch Doctor |
| 12:44 | Troll Berserker |
| 12:44 | Troll Berserker |
| 13:08 | Troll Berserker |
| 13:11 | Endurance Aura |
| 14:14 | Lesser Clarity Potion |
| 14:17 | Scroll of Regeneration |
| 14:36 | Troll Witch Doctor |
| 14:50 | Scroll of Town Portal |
| 15:17 | Scroll of Town Portal |
| 15:49 | Troll Berserker |
| 15:58 | Healing Wave |
| 15:58 | Healing Wave |
| 16:09 | Troll Berserker |
| 16:15 | Orc Burrow |
| 17:23 | Troll Berserker |
| 17:51 | Wind Rider |
| 18:00 | Silence |
| Right click | 1886 |
| Select group | 1691 |
| Select | 428 |
| Misc. action | 141 |
| Build/train/purchase | 134 |
| Assign group | 105 |
| Use ability | 45 |
| Esc | 5 |
| Chat | 4 |
| Item give/drop | 3 |


x1)
| Scroll of Regeneration | 3 | 300 |
| Staff of Sanctuary | 1 | 250 |
| Scroll of Town Portal | 3 | 1050 |
| Scroll of Healing | 2 | 500 |
| Tome of Retraining | 1 | 300 |
| Staff of Teleportation | 1 | 150 |
| total: | 11 | 2550g |
| Peasant | 27 | 2025 | / | 0 |
| Footman | 6 | 810 | / | 0 |
| Rifleman | 5 | 1025 | / | 150 |
| Priest | 4 | 540 | / | 40 |
| Sorceress | 1 | 155 | / | 20 |
| Mortar Team | 3 | 540 | / | 210 |
| Siege Engine | 1 | 195 | / | 60 |
| total: | 47 | 5290g | / | 480w |
| Scout Tower | 5 | 150 | / | 100 |
| Arcane Tower | 2 | 140 | / | 100 |
| Guard Tower | 3 | 210 | / | 150 |
| Altar of Kings | 1 | 180 | / | 50 |
| Farm | 10 | 800 | / | 200 |
| Barracks | 2 | 320 | / | 120 |
| Town Hall | 2 | 770 | / | 410 |
| Lumber Mill | 1 | 120 | / | 0 |
| Blacksmith | 1 | 140 | / | 60 |
| Arcane Vault | 2 | 260 | / | 60 |
| Arcane Sanctum | 2 | 300 | / | 280 |
| Workshop | 2 | 280 | / | 280 |
| Keep | 1 | 320 | / | 210 |
| Castle | 1 | 360 | / | 210 |
| total: | 28 | 3320g | / | 1560w |
| 0:01 | Peasant |
| 0:03 | Altar of Kings |
| 0:15 | Peasant |
| 0:17 | Farm |
| 0:19 | Barracks |
| 0:29 | Peasant |
| 0:39 | Peasant |
| 0:53 | Farm |
| 0:56 | Peasant |
| 1:12 | Peasant |
| 1:24 | Scout Tower |
| 1:31 | Peasant |
| 1:34 | Footman |
| 1:36 | Farm |
| 1:44 | Peasant |
| 1:54 | Arcane Tower |
| 2:00 | Footman |
| 2:07 | Summon Water Elemental |
| 2:11 | Peasant |
| 2:19 | Peasant |
| 2:31 | Footman |
| 2:31 | Peasant |
| 2:37 | Peasant |
| 2:46 | Farm |
| 2:53 | Peasant |
| 3:31 | Town Hall |
| 3:50 | Peasant |
| 3:52 | Lumber Mill |
| 4:25 | Scout Tower |
| 4:35 | Footman |
| 5:33 | Footman |
| 5:41 | Footman |
| 5:50 | Guard Tower |
| 5:57 | Peasant |
| 6:01 | Scout Tower |
| 6:02 | Peasant |
| 6:06 | Scout Tower |
| 6:23 | Keep |
| 6:24 | Peasant |
| 6:34 | Guard Tower |
| 6:36 | Peasant |
| 6:36 | Peasant |
| 6:37 | Arcane Tower |
| 6:42 | Blacksmith |
| 6:46 | Farm |
| 7:10 | Barracks |
| 7:34 | Brilliance Aura |
| 7:54 | Farm |
| 7:55 | Arcane Vault |
| 8:03 | Scout Tower |
| 8:29 | Rifleman |
| 8:39 | Guard Tower |
| 8:40 | Farm |
| 8:41 | Farm |
| 8:52 | Rifleman |
| 8:53 | Long Rifles |
| 8:55 | Peasant |
| 8:55 | Peasant |
| 8:58 | Tome of Retraining |
| 8:58 | Retrain Hero |
| 9:00 | Blizzard |
| 9:00 | Brilliance Aura |
| 9:01 | Staff of Teleportation |
| 9:20 | Arcane Sanctum |
| 10:05 | Arcane Sanctum |
| 10:25 | Rifleman |
| 10:36 | Siphon Mana |
| 10:49 | Priest |
| 10:56 | Priest |
| 10:57 | Priest Adept Training |
| 10:57 | Priest |
| 10:58 | Farm |
| 10:58 | Farm |
| 11:01 | Rifleman |
| 11:10 | Blizzard |
| 11:50 | Scroll of Regeneration |
| 11:51 | Scroll of Town Portal |
| 11:55 | Castle |
| 12:04 | Improved Lumber Harvesting |
| 12:16 | Peasant |
| 12:16 | Peasant |
| 12:16 | Peasant |
| 12:40 | Priest |
| 13:36 | Scroll of Regeneration |
| 14:01 | Workshop |
| 14:01 | Workshop |
| 14:03 | Town Hall |
| 14:37 | Rifleman |
| 14:38 | Sorceress |
| 15:15 | Scroll of Healing |
| 15:24 | Arcane Vault |
| 15:58 | Fragmentation Shards |
| 15:59 | Mortar Team |
| 16:13 | Flame Strike |
| 16:23 | Mortar Team |
| 16:32 | Peasant |
| 16:52 | Priest Master Training |
| 16:53 | Sorceress Adept Training |
| 17:01 | Scroll of Town Portal |
| 17:01 | Scroll of Healing |
| 17:12 | Peasant |
| 17:12 | Peasant |
| 17:18 | Siege Engine |
| 18:00 | Mortar Team |
| 18:02 | Scroll of Regeneration |
| 18:09 | Scroll of Town Portal |
| 18:11 | Staff of Sanctuary |
| 18:40 | Flare |
| Select group | 1213 |
| Right click | 1132 |
| Select | 766 |
| Misc. action | 168 |
| Build/train/purchase | 103 |
| Use ability | 70 |
| Assign group | 49 |
| Chat | 34 |
| Resource trade | 5 |
| Esc | 2 |
| Item give/drop | 1 |
| Minimap ping | 1 |
161 units @ 20.6k
/ 2.5k
68 buildings @ 10.6k
/ 4.5k


| Scroll of Town Portal | 1 | 350 |
| total: | 1 | 350g |
| Wisp | 27 | 1620 | / | 0 |
| Huntress | 12 | 2340 | / | 240 |
| Dryad | 8 | 1160 | / | 480 |
| Archer | 11 | 1430 | / | 110 |
| Druid of the Talon | 7 | 1015 | / | 140 |
| total: | 65 | 7565g | / | 970w |
| Altar of Elders | 1 | 180 | / | 50 |
| Moon Well | 6 | 1080 | / | 240 |
| Hunter's Hall | 1 | 210 | / | 100 |
| Ancient of War | 3 | 450 | / | 180 |
| Tree of Life | 1 | 340 | / | 185 |
| Ancient of Wonders | 1 | 90 | / | 30 |
| Ancient of Wind | 1 | 150 | / | 140 |
| Ancient of Lore | 1 | 155 | / | 145 |
| Tree of Ages | 1 | 320 | / | 180 |
| total: | 15 | 2655g | / | 1070w |
| 0:01 | Wisp |
| 0:01 | Wisp |
| 0:04 | Altar of Elders |
| 0:10 | Wisp |
| 0:16 | Moon Well |
| 0:19 | Wisp |
| 0:31 | Wisp |
| 0:47 | Wisp |
| 1:10 | Wisp |
| 1:30 | Wisp |
| 1:30 | Wisp |
| 1:36 | Hunter's Hall |
| 1:42 | Ancient of War |
| 1:58 | Wisp |
| 2:02 | Moon Well |
| 2:09 | Scout |
| 2:27 | Ancient of War |
| 2:37 | Ancient of War |
| 2:49 | Huntress |
| 2:56 | Huntress |
| 2:58 | Strength of the Moon |
| 3:16 | Wisp |
| 3:16 | Wisp |
| 3:30 | Huntress |
| 3:31 | Wisp |
| 3:32 | Wisp |
| 3:51 | Sentinel |
| 4:11 | Huntress |
| 4:15 | Moon Well |
| 5:36 | Moon Armor |
| 5:58 | Huntress |
| 6:13 | Huntress |
| 6:21 | Huntress |
| 6:53 | Huntress |
| 7:06 | Trueshot Aura |
| 7:10 | Huntress |
| 7:24 | Moon Well |
| 8:10 | Huntress |
| 8:12 | Tree of Ages |
| 8:41 | Trueshot Aura |
| 8:49 | Huntress |
| 9:12 | Huntress |
| 10:37 | Tree of Life |
| 10:49 | Moon Well |
| 10:50 | Moon Well |
| 10:51 | Wisp |
| 10:51 | Wisp |
| 10:51 | Wisp |
| 10:51 | Wisp |
| 12:00 | Ancient of Wind |
| 12:02 | Ancient of Lore |
| 12:22 | Scout |
| 12:32 | Scroll of Town Portal |
| 13:06 | Improved Bows |
| 13:19 | Entangling Roots |
| 13:21 | Abolish Magic |
| 13:21 | Dryad |
| 13:32 | Dryad |
| 13:33 | Archer |
| 13:45 | Archer |
| 13:46 | Dryad |
| 13:47 | Druid of the Talon |
| 13:47 | Druid of the Talon Adept Training |
| 14:23 | Druid of the Talon |
| 14:50 | Dryad |
| 14:51 | Druid of the Talon |
| 15:01 | Archer |
| 15:14 | Wisp |
| 15:14 | Wisp |
| 15:14 | Wisp |
| 15:14 | Wisp |
| 15:16 | Wisp |
| 15:51 | Dryad |
| 15:55 | Archer |
| 15:57 | Archer |
| 15:59 | Druid of the Talon |
| 16:13 | Dryad |
| 16:27 | Druid of the Talon |
| 16:28 | Wisp |
| 16:28 | Wisp |
| 16:52 | Archer |
| 17:04 | Archer |
| 17:06 | Dryad |
| 17:06 | Druid of the Talon |
| 17:26 | Wisp |
| 17:26 | Wisp |
| 17:27 | Improved Strength of the Moon |
| 17:49 | Archer |
| 18:03 | Ancient of Wonders |
| 18:21 | Dryad |
| 18:22 | Druid of the Talon |
| 18:23 | Archer |
| 18:23 | Archer |
| 18:34 | Force of Nature |
| 18:57 | Archer |
| 19:13 | Improved Moon Armor |
| 19:16 | Trueshot Aura |
| Select group | 828 |
| Right click | 778 |
| Misc. action | 316 |
| Select | 310 |
| Build/train/purchase | 95 |
| Assign group | 56 |
| Use ability | 38 |
| Resource trade | 35 |
| Minimap ping | 22 |
| Chat | 7 |
| Remove unit | 4 |


| Lesser Clarity Potion | 4 | 280 |
| Scroll of Regeneration | 3 | 300 |
| Potion of Healing | 2 | 300 |
| Orb of Fire | 1 | 325 |
| Scroll of Town Portal | 6 | 2100 |
| Scroll of Healing | 2 | 500 |
| Potion of Lesser Invulnerability | 1 | 150 |
| Boots of Speed | 1 | 250 |
| total: | 20 | 4205g |
| Peasant | 14 | 1050 | / | 0 |
| Footman | 13 | 1755 | / | 0 |
| Priest | 2 | 270 | / | 20 |
| Sorceress | 2 | 310 | / | 40 |
| Mortar Team | 4 | 720 | / | 280 |
| Spell Breaker | 5 | 1075 | / | 150 |
| Knight | 2 | 490 | / | 120 |
| total: | 42 | 5670g | / | 610w |
| Scout Tower | 2 | 60 | / | 40 |
| Arcane Tower | 2 | 140 | / | 100 |
| Altar of Kings | 1 | 180 | / | 50 |
| Farm | 11 | 880 | / | 220 |
| Barracks | 2 | 320 | / | 120 |
| Town Hall | 1 | 385 | / | 205 |
| Lumber Mill | 1 | 120 | / | 0 |
| Arcane Vault | 2 | 260 | / | 60 |
| Blacksmith | 2 | 280 | / | 120 |
| Arcane Sanctum | 2 | 300 | / | 280 |
| Workshop | 1 | 140 | / | 140 |
| Keep | 1 | 320 | / | 210 |
| Castle | 1 | 360 | / | 210 |
| total: | 25 | 2925g | / | 1235w |
| 0:02 | Peasant |
| 0:02 | Peasant |
| 0:10 | Altar of Kings |
| 0:18 | Farm |
| 0:21 | Barracks |
| 0:26 | Peasant |
| 0:41 | Peasant |
| 0:50 | Farm |
| 0:59 | Peasant |
| 1:16 | Peasant |
| 1:22 | Footman |
| 1:31 | Peasant |
| 1:33 | Farm |
| 1:48 | Footman |
| 1:52 | Peasant |
| 2:06 | Footman |
| 2:09 | Peasant |
| 2:15 | Peasant |
| 2:16 | Summon Water Elemental |
| 2:17 | Footman |
| 2:24 | Peasant |
| 2:42 | Peasant |
| 2:42 | Footman |
| 2:44 | Scout Tower |
| 2:57 | Peasant |
| 3:18 | Town Hall |
| 3:23 | Brilliance Aura |
| 3:27 | Scout Tower |
| 3:37 | Lumber Mill |
| 3:57 | Arcane Tower |
| 3:58 | Arcane Tower |
| 4:09 | Farm |
| 4:26 | Arcane Vault |
| 5:36 | Keep |
| 6:00 | Defend |
| 6:16 | Footman |
| 6:30 | Footman |
| 6:32 | Arcane Vault |
| 6:34 | Blacksmith |
| 6:56 | Footman |
| 7:06 | Footman |
| 7:24 | Footman |
| 7:27 | Barracks |
| 7:40 | Summon Water Elemental |
| 7:57 | Footman |
| 8:06 | Footman |
| 8:08 | Backpack |
| 8:11 | Arcane Sanctum |
| 8:12 | Arcane Sanctum |
| 8:43 | Footman |
| 8:51 | Farm |
| 9:13 | Scroll of Town Portal |
| 9:13 | Lesser Clarity Potion |
| 9:15 | Scroll of Regeneration |
| 9:18 | Scroll of Town Portal |
| 9:19 | Potion of Healing |
| 9:23 | Farm |
| 9:28 | Siphon Mana |
| 9:37 | Priest |
| 9:37 | Sorceress |
| 9:57 | Workshop |
| 9:59 | Farm |
| 10:06 | Farm |
| 10:32 | Improved Lumber Harvesting |
| 10:32 | Peasant |
| 11:19 | Scroll of Town Portal |
| 11:19 | Scroll of Regeneration |
| 11:20 | Lesser Clarity Potion |
| 11:23 | Mortar Team |
| 11:25 | Sorceress |
| 11:25 | Spell Breaker |
| 11:33 | Lesser Clarity Potion |
| 11:51 | Castle |
| 12:12 | Potion of Lesser Invulnerability |
| 12:23 | Scroll of Healing |
| 12:24 | Scroll of Healing |
| 12:24 | Boots of Speed |
| 12:27 | Mortar Team |
| 12:30 | Iron Plating |
| 12:45 | Mortar Team |
| 12:47 | Blacksmith |
| 12:50 | Farm |
| 13:44 | Priest |
| 13:45 | Blizzard |
| 13:49 | Flame Strike |
| 14:07 | Scroll of Regeneration |
| 14:09 | Scroll of Town Portal |
| 14:11 | Mortar Team |
| 14:13 | Animal War Training |
| 14:13 | Sundering Blades |
| 14:14 | Priest Adept Training |
| 14:22 | Fragmentation Shards |
| 14:24 | Orb of Fire |
| 14:34 | Scroll of Town Portal |
| 14:55 | Knight |
| 15:19 | Steel Plating |
| 15:19 | Black Gunpowder |
| 15:33 | Spell Breaker |
| 15:34 | Flare |
| 15:35 | Priest Master Training |
| 15:47 | Control Magic |
| 16:22 | Knight |
| 16:28 | Spell Breaker |
| 17:45 | Spell Breaker |
| 18:03 | Farm |
| 18:12 | Spell Breaker |
| 18:16 | Lesser Clarity Potion |
| 18:18 | Potion of Healing |
| 18:20 | Scroll of Town Portal |
| 18:30 | Farm |
| 18:30 | Refined Gunpowder |
| 18:31 | Studded Leather Armor |
| 18:53 | Flame Strike |
| Select group | 2428 |
| Right click | 1496 |
| Select | 840 |
| Misc. action | 299 |
| Build/train/purchase | 155 |
| Assign group | 55 |
| Use ability | 50 |
| Minimap ping | 7 |
| Chat | 4 |
| Esc | 3 |
| Item give/drop | 1 |
Assertive
(19:18) : 

| Wisp | 12 | 720 | / | 0 |
| Archer | 14 | 1820 | / | 140 |
| Mountain Giant | 1 | 350 | / | 100 |
| total: | 27 | 2890g | / | 240w |
| Ancient Protector | 1 | 135 | / | 80 |
| Altar of Elders | 1 | 180 | / | 50 |
| Moon Well | 4 | 720 | / | 160 |
| Ancient of War | 2 | 300 | / | 120 |
| Hunter's Hall | 1 | 210 | / | 100 |
| Ancient of Wonders | 1 | 90 | / | 30 |
| Tree of Life | 1 | 340 | / | 185 |
| Ancient of Lore | 1 | 155 | / | 145 |
| Tree of Ages | 1 | 320 | / | 180 |
| total: | 12 | 2130g | / | 870w |
| 0:02 | Wisp |
| 0:16 | Wisp |
| 0:18 | Altar of Elders |
| 0:27 | Wisp |
| 0:43 | Moon Well |
| 0:50 | Wisp |
| 1:01 | Wisp |
| 1:06 | Ancient of War |
| 1:16 | Wisp |
| 1:23 | Ancient of War |
| 1:24 | Wisp |
| 1:39 | Wisp |
| 1:46 | Moon Well |
| 2:11 | Archer |
| 2:34 | Entangling Roots |
| 2:38 | Archer |
| 3:05 | Archer |
| 3:19 | Archer |
| 3:39 | Archer |
| 3:51 | Archer |
| 4:19 | Moon Well |
| 5:47 | Tree of Ages |
| 6:00 | Archer |
| 6:13 | Archer |
| 6:43 | Archer |
| 7:37 | Force of Nature |
| 7:49 | Archer |
| 7:55 | Hunter's Hall |
| 8:19 | Archer |
| 8:44 | Archer |
| 8:56 | Ancient Protector |
| 9:00 | Moon Well |
| 9:36 | Archer |
| 9:54 | Wisp |
| 9:54 | Wisp |
| 9:54 | Wisp |
| 9:56 | Ancient of Lore |
| 10:25 | Strength of the Moon |
| 10:42 | Improved Bows |
| 10:58 | Trueshot Aura |
| 11:20 | Ancient of Wonders |
| 11:25 | Archer |
| 11:27 | Reinforced Hides |
| 11:28 | Improved Strength of the Moon |
| 11:56 | Entangling Roots |
| 12:30 | Mountain Giant |
| 13:46 | Searing Arrows |
| 14:32 | Tree of Life |
| 18:06 | Wisp |
| 19:00 | Force of Nature |
| Right click | 1058 |
| Select group | 457 |
| Select | 371 |
| Misc. action | 171 |
| Build/train/purchase | 46 |
| Resource trade | 34 |
| Use ability | 18 |
| Chat | 14 |
| Assign group | 9 |
| Minimap ping | 2 |
⇛
broknpromise
(3)
(19:17) : 


| Potion of Healing | 1 | 150 |
| Scroll of Town Portal | 2 | 700 |
| total: | 3 | 850g |
| Wisp | 14 | 840 | / | 0 |
| Huntress | 5 | 975 | / | 100 |
| Chimaera | 8 | 2640 | / | 560 |
| total: | 27 | 4455g | / | 660w |
| Ancient Protector | 1 | 135 | / | 80 |
| Altar of Elders | 1 | 180 | / | 50 |
| Moon Well | 7 | 1260 | / | 280 |
| Hunter's Hall | 1 | 210 | / | 100 |
| Ancient of War | 2 | 300 | / | 120 |
| Tree of Life | 1 | 340 | / | 185 |
| Ancient of Wind | 1 | 150 | / | 140 |
| Chimaera Roost | 2 | 280 | / | 380 |
| Tree of Ages | 1 | 320 | / | 180 |
| Tree of Eternity | 1 | 330 | / | 200 |
| total: | 16 | 2855g | / | 1335w |
| 0:01 | Wisp |
| 0:02 | Wisp |
| 0:07 | Altar of Elders |
| 0:17 | Moon Well |
| 0:19 | Wisp |
| 0:24 | Wisp |
| 0:31 | Wisp |
| 0:45 | Wisp |
| 1:05 | Wisp |
| 1:14 | Wisp |
| 1:38 | Hunter's Hall |
| 1:40 | Ancient of War |
| 1:43 | Wisp |
| 2:04 | Ancient of War |
| 2:09 | Mana Burn |
| 2:17 | Moon Well |
| 2:46 | Huntress |
| 3:13 | Huntress |
| 3:15 | Huntress |
| 3:22 | Ancient Protector |
| 3:49 | Huntress |
| 3:50 | Moon Well |
| 4:13 | Tree of Ages |
| 5:43 | Huntress |
| 7:22 | Tree of Eternity |
| 7:23 | Ancient of Wind |
| 8:33 | Strength of the Wild |
| 8:37 | Moon Well |
| 9:09 | Entangling Roots |
| 10:00 | Chimaera Roost |
| 10:01 | Chimaera Roost |
| 10:03 | Wisp |
| 10:03 | Wisp |
| 10:24 | Moon Well |
| 10:50 | Tree of Life |
| 11:02 | Wisp |
| 11:02 | Wisp |
| 11:03 | Wisp |
| 11:27 | Chimaera |
| 11:49 | Chimaera |
| 11:51 | Chimaera |
| 12:36 | Potion of Healing |
| 12:47 | Chimaera |
| 13:46 | Trueshot Aura |
| 13:49 | Evasion |
| 13:51 | Chimaera |
| 14:01 | Force of Nature |
| 14:15 | Scroll of Town Portal |
| 14:48 | Improved Strength of the Wild |
| 16:22 | Chimaera |
| 16:28 | Scout |
| 16:41 | Moon Well |
| 16:53 | Advanced Strength of the Wild |
| 17:42 | Chimaera |
| 18:01 | Moon Well |
| 18:08 | Scroll of Town Portal |
| 18:33 | Force of Nature |
| 18:47 | Chimaera |
| 18:56 | Mana Burn |
| 19:00 | Trueshot Aura |
| 19:05 | Reinforced Hides |
| Right click | 1184 |
| Select group | 937 |
| Select | 372 |
| Misc. action | 121 |
| Build/train/purchase | 65 |
| Use ability | 44 |
| Assign group | 43 |
| Minimap ping | 29 |
| Resource trade | 5 |
| Chat | 4 |
| Item give/drop | 1 |
| Esc | 1 |